 Dungeon Crawl Stone Soup version 0.25-a0-413-g3b4b6a4ccc (webtiles) character file.

Game seed: 2241705768022954027, levelgen mode: deterministic

16 Borgoz the Skirmisher (level 2, 0/19 HPs)
             Began as a Gargoyle Berserker on Jan 16, 2020.
             Was a Follower of Trog.
             Slain by a goblin (3 damage)
             ... led by Robin
             ... on level 2 of the Dungeon.
             The game lasted 00:00:41 (925 turns).

Borgoz the Skirmisher (Gargoyle Berserker)           Turns: 925, Time: 00:00:41

Health: 0/19       AC:  5    Str: 20    XL:     2   Next: 58%
Magic:  2/2        EV: 12    Int:  7    God:    Trog [*.....]
Gold:   9          SH:  0    Dex:  9    Spells: 1/1 levels left

rFire    . . .     SeeInvis .   a - +0 mace
rCold    . . .     Gourm    .   (no shield)
rNeg     + . .     Faith    .   b - +0 animal skin
rPois    ∞         Spirit   .   (no helmet)
rElec    +         Reflect  .   (no cloak)
rCorr    .         Harm     .   (no gloves)
MR       .....                  (no boots)
Stlth    +.........             (no amulet)
HPRegen  0.06/turn              (no ring)
MPRegen  0.08/turn              (no ring)

@: berserk cooldown, slowed, very slow
A: negative energy resistance 1, electricity resistance, unbreathing,
petrification resistance, rot immunity, AC +2
a: Berserk, Renounce Religion


You were on level 2 of the Dungeon.
You worshipped Trog.
Trog was aware of your devotion.
You were hungry.

You visited 1 branch of the dungeon, and saw 2 of its levels.

You collected 9 gold pieces.

Inventory:

Hand Weapons
 a - a +0 mace (weapon)
Armour
 b - a +0 animal skin (worn)
Potions
 d - 2 potions of curing {unknown}
 e - a potion of heal wounds {unknown}
Comestibles
 c - 4 rations
 f - a chunk of flesh


   Skills:
 + Level 3.5 Fighting
 + Level 3.2 Maces & Flails
 + Level 2.5 Armour
 + Level 1.8 Dodging


You had one spell level left.
You didn't know any spells.
Your spell library was empty.

Dungeon Overview and Level Annotations

Branches:
Dungeon (2/15)

Altars:

Annotations:
D:2 Robin


Innate Abilities, Weirdness & Mutations

You are resistant to torment.
Your stone body is resilient. (AC +2)
You are immune to poison.
You resist negative energy. (rN+)
You are resistant to electric shocks. (rElec)
You can survive without breathing.
You are immune to petrification.
You are immune to rotting.


Message History

Trog accepts your kill. The hobgoblin barely misses you.
The goblin hits you but does no damage.
Things that are here:
a +0 hunting sling; 32 stones; a goblin corpse You feel a strong urge to attack something.
You feel your anger nearly subside.
You are no longer berserk.
You are exhausted.
You feel yourself slow down.
Robin says, "My goblins will feast on your bones."
The hobgoblin no longer looks unusually strong.
The goblin no longer looks unusually strong.
Robin throws the goblin at you! The goblin hits you.
* * * LOW HITPOINT WARNING * * *
The goblin hits you but does no damage.
You closely miss the goblin.
The hobgoblin no longer looks unusually strong.
The goblin no longer looks unusually strong.
The goblin hits you.
You die... .. ###### ### # #.# ..... ..#.#.... ggg#

###.#.#... . g..#
#...#.....
....####)######g#...#.#
..........g.g.gg@...>.#
###.####)###g##g#g#...#
#.g...g..#.#...#
#####.####.....#
........# ###.#.####.#
#######.# #(...<.....#
#.# #.#.######## #.#
#.#.. #.# # ###


You could see Robin, 3 hobgoblins and 5 goblins.

Vanquished Creatures
  3 bats (D:1)
  4 goblins (D:2)
  2 hobgoblins (D:1)
  2 frilled lizards (D:1)
  2 kobolds (D:1)
  3 rats (D:1)
16 creatures vanquished.

Notes
Turn   | Place    | Note
-------+----------+-------------------------------------------
     0 | D:1      | Borgoz the Gargoyle Berserker began the quest for the Orb.
     0 | D:1      | Reached XP level 1. HP: 14/14 MP: 1/1
   228 | D:1      | Reached XP level 2. HP: 3/19 MP: 2/2
   908 | D:2      | Noticed Robin
   925 | D:2      | Slain by a goblin

Levels and vault maps discovered:
D:1:      psy_arrival_basics, layout_loops_ring
D:2:      layout_basic, uniq_robin

Action                   || total
-------------------------++-------
Melee: Mace              ||    41
Invok: Berserk           ||     2
 Stab: Sleeping          ||     1
  Eat: Chunk             ||     1
Armor: Animal skin       ||    22
Dodge: Dodged            ||    34

Table legend:
 A = Non-vault XP
 B = Vault XP
 C = Vault XP percentage of total XP
 D = Non-vault monster count
 E = Vault monster count
 F = Vault count percentage of total count
                 A         B        C        D         E       F
            +---------+---------+-------+---------+---------+-------
      Total |      16 |       8 |  33.3 |      12 |       4 |  25.0
            +---------+---------+-------+---------+---------+-------
        D:1 |      16 |       0 |   0.0 |      12 |       0 |   0.0
        D:2 |       0 |       8 | 100.0 |       0 |       4 | 100.0
            +---------+---------+-------+---------+---------+-------
